 Dungeon Crawl Stone Soup version 0.21.1-1-g345015f (webtiles) character file.

5906 wojtek the Merchant of Misery (level 10, -5/73 HPs)
             Began as a Demonspawn Necromancer on Mar 10, 2018.
             Was a Believer of Kikubaaqudgha.
             Killed from afar by a fire dragon (15 damage)
             ... with a blast of flame
             ... on level 9 of the Dungeon.
             The game lasted 00:25:57 (13048 turns).

wojtek the Merchant of Misery (DsNe)               Turns: 13048, Time: 00:25:58

Health: -5/73      AC:  8    Str:  9    XL:     10   Next: 53%
Magic:  19/19      EV: 18    Int: 23    God:    Kikubaaqudgha [**....]
Gold:   661        SH:  0    Dex: 25    Spells: 9/21 levels left

rFire    + . .     SeeInvis .   N - +9 falchion of the Solstice {protect, *Contam MR+ Int+4 Dex+7}
rCold    . . .     Gourm    .   (no shield)
rNeg     . . .     Faith    .   H - +1 robe {MR+}
rPois    .         Spirit   .   (no helmet)
rElec    .         Reflect  .   d - +0 cloak
rCorr    .         Harm     .   v - +0 pair of gloves
MR       ++...                  Q - +2 pair of boots {Stlth+}
Stlth    +++++.....             (no amulet)
HPRegen  0.22/turn              w - ring of protection from cold
MPRegen  0.16/turn              e - ring of fire

@: about to teleport, studying Charms
A: thin skeletal structure 2, spiny 2, rot immunity
a: Receive Corpses, Renounce Religion


You were on level 9 of the Dungeon.
You worshipped Kikubaaqudgha.
Kikubaaqudgha was pleased with you.
You were hungry.

You visited 2 branches of the dungeon, and saw 10 of its levels.

You collected 661 gold pieces.

Inventory:

Hand Weapons
 a - a +1 dagger of speed
 s - a +0 blowgun
 C - a +1 dagger of venom
 G - a +3 battleaxe of chopping
 N - the +9 falchion of the Solstice (weapon) {protect, *Contam MR+ Int+4 Dex+7}
   (You found it on level 7 of the Dungeon)

   It protects the one who uses it against injury (+AC on strike).
   It affects your intelligence (+4).
   It affects your dexterity (+7).
   It affects your resistance to hostile enchantments.
   It causes magical contamination when unequipped.
 O - a +1 rapier of venom
Missiles
 l - 51 poisoned needles
 u - a throwing net (quivered)
 U - 3 needles of confusion
Armour
 d - a +0 cloak (worn)
 v - a +0 pair of gloves (worn)
 H - a +1 robe of magic resistance (worn)
 L - a +2 leather armour of magic resistance
 Q - a +2 pair of boots of stealth (worn)
Jewellery
 e - a ring of fire (right hand)
 w - a ring of protection from cold (left hand)
 F - a +2 ring of strength
 R - the ring "Zeomnakk" {rCorr Int+4, unknown}
   (You took it off an orc warrior on level 7 of the Dungeon)

   [ring of resist corrosion]

   It affects your intelligence (+4).
 S - an uncursed ring of poison resistance {unknown}
Wands
 g - a wand of disintegration (15)
 E - a wand of iceblast (12)
 Y - a wand of digging (8)
Scrolls
 j - 5 scrolls of remove curse
 m - 4 scrolls of teleportation
 p - 2 scrolls of enchant weapon {unknown}
 r - 10 scrolls of identify {unknown}
 y - a scroll of blinking {unknown}
 z - a scroll of enchant armour {unknown}
 A - a scroll of magic mapping {unknown}
 D - 2 scrolls of fog {unknown}
 I - 4 scrolls of amnesia {unknown}
 K - a scroll of vulnerability {unknown}
 V - a scroll of brand weapon {unknown}
 X - a scroll of fear {unknown}
Potions
 f - 4 potions of brilliance {unknown}
 h - 3 potions of degeneration {unknown}
 i - 3 potions of curing
 k - a potion of heal wounds {unknown}
 n - 2 potions of haste {unknown}
 o - 2 potions of might {unknown}
 q - a potion of flight {unknown}
 t - a potion of agility {unknown}
 x - a potion of lignification {unknown}
Books
 b - a book of Necromancy

   Spells                             Type                      Level
   a - Pain                           Necromancy                   1
   b - Animate Skeleton               Necromancy                   1
   c - Vampiric Draining              Necromancy                   3
   d - Regeneration                   Charms/Necromancy            3
   e - Animate Dead                   Necromancy                   4
   f - Borgnjor's Vile Clutch         Necromancy/Earth             5
 B - a book of Callings

   Spells                             Type                      Level
   a - Summon Small Mammal            Summoning                    1
   b - Call Imp                       Summoning                    2
   c - Call Canine Familiar           Summoning                    3
   d - Summon Guardian Golem          Hexes/Summoning              3
   e - Summon Lightning Spire         Summoning/Air                4
   f - Summon Ice Beast               Ice/Summoning                4
 J - Kikubaaqudgha's Compendium of Stolen Souls
   (Kikubaaqudgha gifted it to you on level 7 of the Dungeon)

   Spells                             Type                      Level
   a - Pain                           Necromancy                   1
   b - Corpse Rot                     Necromancy                   2
   c - Sublimation of Blood           Necromancy                   2
   d - Vampiric Draining              Necromancy                   3
 M - a manual of Charms
 P - a book of Alchemy

   Spells                             Type                      Level
   a - Sublimation of Blood           Necromancy                   2
   b - Ignite Poison                  Fire/Transmutation/Poison    3
   c - Petrify                        Transmutation/Earth          4
   d - Alistair's Intoxication        Transmutation/Poison         5
   e - Irradiate                      Conjuration/Transmutation    5
 T - a book of Conjurations

   Spells                             Type                      Level
   a - Magic Dart                     Conjuration                  1
   b - Searing Ray                    Conjuration                  2
   c - Dazzling Spray                 Conjuration/Hexes            3
   d - Fulminant Prism                Conjuration/Hexes            4
   e - Force Lance                    Conjuration/Translocation    4
   f - Iskenderun's Mystic Blast      Conjuration                  4
Comestibles
 c - 14 rations


   Skills:
 - Level 4.4 Fighting
 - Level 6.1 Dodging
 - Level 1.7 Stealth
 - Level 6.2 Spellcasting
 + Level 10.7 Necromancy
 + Level 7.5 Earth Magic


You had 9 spell levels left.
You knew the following spells:

 Your Spells              Type           Power        Failure   Level  Hunger
a - Pain                  Necr           ####         1%          1    None
b - Borgnjor's Vile Clut  Necr/Erth      #####.....   5%          5    #####..
d - Animate Dead          Necr           N/A          1%          4    ###....
r - Corpse Rot            Necr           N/A          1%          2    None


Dungeon Overview and Level Annotations

Branches:
Dungeon (9/15)             Temple (1/1) D:5
   Lair: D:8-11         Orc: D:9-12

Altars:
Ashenzari
Cheibriados
Dithmenos
Elyvilon
Fedhas
Gozag
Hepliaklqana
Kikubaaqudgha
Makhleb
Nemelex Xobeh
Okawaru
Qazlal
Ru
Sif Muna
Trog
Uskayaw
Vehumet
Wu Jian
Xom
Yredelemnul
Zin
The Shining One

Shops:
D:8 (

Annotations:
D:4 exclusion: ogre
D:6 Edmund


Innate Abilities, Weirdness & Mutations

You have a moderately thin skeletal structure. (Dex +4, Stealth+)
You are mostly covered in sharp spines.
You are immune to rotting.


Message History

You feel more attuned to fire.
e - a ring of fire (right hand)
The centaur skeleton is struck by your spines.
The centaur skeleton hits you but does no damage.
A leopard gecko comes into view.
The fire dragon breathes flames at you. The blast of flame hits you!
You resist.
* * * LOW HITPOINT WARNING * * *
The leopard gecko hisses angrily.
The leopard gecko hisses menacingly.
As you read the scroll of teleportation, it crumbles to dust.
You feel strangely unstable.
The leopard gecko completely misses you.
The leopard gecko is struck by your spines.
You kill the leopard gecko!
Kikubaaqudgha accepts your kill. The fire dragon breathes flames at you.
The blast of flame hits you! You resist.
You die...
Kikubaaqudgha rasps: "You have failed me!
Welcome... death!"

#..##O#...###...#
#........
#..##.####..###.#
#........ #..##.# ..# #.#
#........ #..##.# ### #.#
#........ #..##u## .# #)#
#........ #..##..####.#
#.# #........
#.....ZD....# #.#
#........ #...##......#
#)# #........
#...##...†@.# #.#
#.<...... #...##..##..#
#Z# #........
#...##..##..# #.#
#........ ##..##..##..#
#.# #........ #..##..##..#
#.###........ #..##..##>.#
#............
#..##..##..###...........)
#..Z...##....Z............
#......##................#


You could see a fire dragon, a brown ugly thing and a centaur skeleton.

Vanquished Creatures
  A manticore (D:7)
  A troll (D:7)
  A hippogriff (D:9)
  A black bear (D:7)
  2 sky beasts
  4 ice beasts
  2 orc warriors
  A necrophage (D:7)
  3 phantoms
  9 ogres
  A centaur (D:8)
  A big kobold (D:8)
  5 bullfrogs
  A scorpion (D:7)
  4 wights
  5 killer bees (D:9)
  A howler monkey (D:7)
  3 centaur zombies
  10 crimson imps
  4 bullfrog zombies
  3 jellies
  A bullfrog skeleton (D:5)
  6 orc priests
  2 hounds
  4 centaur skeletons
  5 orc wizards
  4 iguanas
  8 worker ants
  A hound zombie (D:6)
  A hound skeleton (D:4)
  A worker ant zombie (D:6)
  12 adders
  3 shadow imps
  3 oozes
  An adder skeleton (D:6)
  3 adder zombies
  A worm (D:2)
  5 dart slugs (D:1)
  7 leopard geckos
  20 orcs
  2 ball pythons (D:7)
  10 bats
  6 giant cockroaches
  7 goblins
  5 hobgoblins
  19 jackals
  15 kobolds
  3 quokkas
  8 frilled lizards
  2 giant cockroach zombies (D:6)
  A leopard gecko skeleton (D:5)
  A quokka zombie (D:9)
  3 rats
233 creatures vanquished.

Vanquished Creatures (collateral kills)
  A two-headed ogre (D:9)
1 creature vanquished.

Grand Total: 234 creatures vanquished

Notes
Turn   | Place    | Note
-------+----------+-------------------------------------------
     0 | D:1      | wojtek the Demonspawn Necromancer began the quest for the Orb.
     0 | D:1      | Reached XP level 1. HP: 13/13 MP: 3/3
   249 | D:1      | Gained mutation: You are partially covered in sharp spines. [demonic ancestry]
   249 | D:1      | Reached XP level 2. HP: 7/19 MP: 0/5
   447 | D:1      | Reached skill level 5 in Necromancy
  1294 | D:1      | Reached XP level 3. HP: 19/24 MP: 0/6
  1829 | D:2      | Reached skill level 6 in Necromancy
  1956 | D:2      | Gained mutation: You have a somewhat thin skeletal structure. (Dex +2, Stealth) [demonic ancestry]
  1956 | D:2      | Reached XP level 4. HP: 24/30 MP: 2/7
  2512 | D:2      | Found a deep blue altar of Sif Muna.
  2868 | D:2      | Reached XP level 5. HP: 5/35 MP: 5/9
  3638 | D:3      | Found a faded altar of an unknown god.
  4564 | D:4      | Reached XP level 6. HP: 39/41 MP: 11/11
  4570 | D:4      | Learned a level 4 spell: Animate Dead
  4706 | D:4      | Found a bloodstained altar of Trog.
  5001 | D:3      | Found a blossoming altar of Fedhas.
  5001 | D:3      | Found a hide-covered altar of Uskayaw.
  5072 | D:4      | Found an iron altar of Okawaru.
  5213 | D:5      | Entered Level 5 of the Dungeon
  5254 | D:5      | Noticed an ice beast
  5262 | D:5      | Killed an ice beast
  5638 | D:5      | Gained mutation: You have a moderately thin skeletal structure. (Dex +4, Stealth+) [demonic ancestry]
  5638 | D:5      | Reached XP level 7. HP: 37/47 MP: 13/13
  5760 | D:5      | Reached skill level 1 in Fighting
  6111 | D:5      | Reached skill level 5 in Spellcasting
  6121 | D:5      | Reached skill level 5 in Dodging
  6689 | D:5      | Found a staircase to the Ecumenical Temple.
  6732 | Temple   | Entered the Ecumenical Temple
  6856 | Temple   | Became a worshipper of Kikubaaqudgha
  6901 | D:5      | Found an opulent altar of Gozag.
  6905 | D:5      | Reached XP level 8. HP: 56/58 MP: 11/16
  8155 | D:6      | Learned a level 5 spell: Borgnjor's Vile Clutch
  8415 | D:6      | Reached skill level 1 in Earth Magic
  8619 | D:6      | Noticed Edmund
  8679 | D:6      | Found a snail-covered altar of Cheibriados.
  8680 | D:6      | Found a shattered altar of Ashenzari.
  8930 | D:7      | Noticed a cyclops
  9205 | D:7      | Found a radiant altar of Vehumet.
  9357 | D:7      | Reached skill level 7 in Necromancy
  9357 | D:7      | Gained mutation: You are mostly covered in sharp spines. [demonic ancestry]
  9357 | D:7      | Reached XP level 9. HP: 58/66 MP: 14/18
  9399 | D:7      | Reached * piety under Kikubaaqudgha
  9399 | D:7      | Identified Kikubaaqudgha's Compendium of Stolen Souls (Kikubaaqudgha gifted it to you on level 7 of the Dungeon)
  9399 | D:7      | Received a gift from Kikubaaqudgha
  9404 | D:7      | Learned a level 2 spell: Corpse Rot
  9422 | D:7      | Noticed a manticore
  9666 | D:7      | Noticed a troll
  9672 | D:7      | Killed a troll
  9758 | D:7      | Found a hide-covered altar of Uskayaw.
  9759 | D:7      | Found a stormy altar of Qazlal.
  9759 | D:7      | Found a basalt altar of Yredelemnul.
  9759 | D:7      | Found a bloodstained altar of Trog.
 10045 | D:7      | Reached skill level 8 in Necromancy
 10234 | D:7      | Got a pitted falchion
 10379 | D:7      | Reached skill level 5 in Earth Magic
 10479 | D:7      | Identified the +9 falchion of the Solstice {protect, *Contam MR+ Int+4 Dex+7} (You found it on level 7 of the Dungeon)
 10615 | D:7      | Got a smoking silver ring
 10647 | D:7      | Reached skill level 9 in Necromancy
 10787 | D:7      | Killed a manticore
 11001 | D:7      | Gained mutation: You are immune to rotting. [demonic ancestry]
 11001 | D:7      | Reached XP level 10. HP: 71/73 MP: 17/19
 11436 | D:8      | Found a blossoming altar of Fedhas.
 11468 | D:8      | Reached ** piety under Kikubaaqudgha
 11865 | D:8      | Reached skill level 10 in Necromancy
 11901 | D:8      | Found Zitec's Antique Weapon Shop.
 12881 | D:9      | Noticed a two-headed ogre
 12893 | D:9      | Killed a two-headed ogre
 13030 | D:9      | Noticed a fire dragon
 13032 | D:9      | Noticed a brown ugly thing
 13048 | D:9      | Killed from afar by a fire dragon

Skill      XL: |  1  2  3  4  5  6  7  8  9 10 |
---------------+-------------------------------+-----
Necromancy     | 5 6 7 9 10 | 10.7
Dodging        | 2 3 4 5 6 |  6.1
Spellcasting   | 3 4 5 6 |  6.2
Fighting       | 3 4 |  4.4
Earth Magic    | 2 5 7 |  7.5
Stealth        | |  1.7

Action                   |  1- 3 |  4- 6 |  7- 9 | 10-12 || total
-------------------------+-------+-------+-------+-------++-------
Melee: Unarmed           |     2 |       |       |       ||     2
       Short sword       |     7 |    86 |    57 |       ||   150
       Dagger            |       |       |   143 |       ||   143
       Falchion          |       |       |     2 |    64 ||    66
 Cast: Pain              |    63 |   115 |   179 |    35 ||   392
       Borgnjor's Vile C |       |       |     9 |     3 ||    12
       Animate Dead      |       |       |     1 |     8 ||     9
  Use: Scroll            |       |       |     2 |     1 ||     3
 Stab: Sleeping          |       |     1 |     1 |     4 ||     6
       Distracted        |       |       |     2 |       ||     2
  Eat: Chunk             |     4 |    11 |    11 |     4 ||    30
       Ration            |       |       |     3 |     1 ||     4
Armor: Robe              |     3 |    25 |    42 |    28 ||    98
Dodge: Dodged            |     8 |    68 |   155 |    92 ||   323
       Rpst.: Falchion   |       |       |     2 |    21 ||    23
